 Dungeon Crawl Stone Soup version 0.28.0-53-g5a82cb258f (webtiles) character file.

Game seed: 7772860029783246273

52 Peedeoo7 the Ruffian (level 3, 0/28 HPs)
             Began as a Draconian Transmuter on June 2, 2022.
             Slain by an orc priest
             ... wielding a +0 trident
              (2 damage)
             ... on level 2 of the Dungeon.
             The game lasted 00:07:33 (1517 turns).

Peedeoo7 the Ruffian (Draconian Transmuter)         Turns: 1517, Time: 00:07:34

Health: 0/28       AC:  6    Str: 14    XL:     3   Next: 60%
Magic:  6/6        EV: 12    Int: 13    God:
Gold:   65         SH:  0    Dex: 11    Spells: 6/7 levels left

rFire   . . .      SeeInvis .   i - +0 hunting sling
rCold   . . .      Faith    .   (no shield)
rNeg    . . .      Spirit   .   (armour unavailable)
rPois   .          Reflect  .   (helmet restricted)
rElec   .          Harm     .   e - +0 cloak
rCorr   .          Rampage  .   (no gloves)
Will    .....                   (no boots)
Stlth   +.........              (no amulet)
HPRegen 0.09/turn               (no ring)
MPRegen 0.10/turn               (no ring)

@: confused
A: AC +5, unfitting armour, cold-blooded
a: no special abilities


You were on level 2 of the Dungeon.
You visited 1 branch of the dungeon, and saw 2 of its levels.

You collected 65 gold pieces.

Inventory:

Hand Weapons
 i - a +0 hunting sling (weapon)
Missiles
 b - 107 stones (quivered ammo)
Armour
 e - a +0 cloak (worn)
Scrolls
 c - a scroll of identify {unknown}
 d - a scroll of enchant armour {unknown}
 f - 3 scrolls of enchant weapon {unknown}
 h - a scroll of noise {unknown}
Potions
 a - a potion of lignification {unknown}
 g - a potion of curing {unknown}


   Skills:
 * Level 1.4 Fighting
 + Level 0.1 Slings
 + Level 2.0 Dodging
 + Level 3.6 Unarmed Combat
 + Level 2.5 Spellcasting
 + Level 2.5 Transmutations


You had 6 spell levels left.
You knew the following spells:

 Your Spells              Type           Power      Damage    Failure   Level
a - Beastly Appendage     Tmut           16%        N/A       9%          1

Your spell library contained the following spells:

 Spells                   Type           Power      Damage    Failure   Level
 Wereblood                Tmut           8%         N/A       13%         2
 Spider Form              Tmut/Pois      4%         N/A       41%         3
 Ice Form                 Ice/Tmut       4%         N/A       82%         4


Dungeon Overview and Level Annotations

Branches:
Dungeon (2/15)

Altars:


Innate Abilities, Weirdness & Mutations

Your plain brown scales are hard. (AC +5)
You cannot fit into any form of body armour.
You are cold-blooded and may be slowed by cold attacks.


Message History

Aim: an orc, wielding a +0 hand axe (almost dead, 54% to hit)
You shoot a stone. The stone closely misses the orc.
The orc wizard casts a spell.
The orc wizard flickers and vanishes!
Deactivating autopickup; reactivate with Ctrl-A.
Fire: 111 stones
Press: ? - help, Q - select action, (/) - cycle Shift-Dir - straight line, f - orc priest, p - orc
Aim: an orc priest, wielding a +0 trident and wearing a +0 leather armour (moderately wounded, 54% to hit)
You shoot a stone. The stone hits the orc.
You kill the orc!
Fire: 110 stones
Press: ? - help, Q - select action, (/) - cycle Shift-Dir - straight line, f/p - orc priest
Aim: an orc priest, wielding a +0 trident and wearing a +0 leather armour (moderately wounded, 54% to hit)
You shoot a stone.
The stone hits the orc priest but does no damage.
The orc priest is moderately wounded.
The orc priest hits you but does no damage.
The dart slug launches a dart at you.
The slug dart hits something but does no damage.
Fire: 109 stones
Press: ? - help, Q - select action, (/) - cycle Shift-Dir - straight line, f/p - orc priest
Aim: an orc priest, wielding a +0 trident and wearing a +0 leather armour (moderately wounded, 54% to hit)
You shoot a stone. The stone hits the orc priest.
The orc priest is heavily wounded.
The orc priest calls down the wrath of Beogh upon you.
Beogh smites you!
Ouch! That really hurt!
* * * LOW HITPOINT WARNING * * *
You hear some strange, mumbled words.
You are confused.
The orc priest completely misses you.
Non-targeted confused fire: 108 stones
Press: ? - help, Q - select action, (/) - cycle Dir - look around, f - activate Look: an orc priest, wielding a +0 trident and wearing a +0 leather armour (heavily wounded)
You shoot a stone. The stone misses the orc priest.
Something hits you but does no damage. The dart slug launches a dart at you.
The slug dart hits something.
The orc priest hits you from afar with a +0 trident.
You die...

#........).....######...
###.(....(..#.#.......#...
............#.#.......#...
#...(......#.#...........
##....w....#.#.......#...
#......(.##.##.......<..
.........o.#...#.........>
........#{##.).#..........
........#@##...##..##.#...
.#......#.#.....##.##..#..
####...###.#†#.##.#...##. #
#.####..#.#..###.#..## #.
####...##.##...####.# ...
#######....###..†###....#### #...
#.......####(..⌠...####.....
..#..#.#####....###...###....####
...........####...##.##...#####


You could see an orc priest and a dart slug.

Vanquished Creatures
  An adder (D:2)
  A worm (D:2)
  An orc (D:2)
  3 endoplasms
  A giant cockroach (D:1)
  5 goblins
  3 hobgoblins
  2 quokkas
  4 ball pythons
  3 bats
  2 frilled lizards
  9 kobolds
  4 rats
39 creatures vanquished.

Notes
Turn   | Place    | Note
-------+----------+-------------------------------------------
     0 | D:1      | Peedeoo7 the Draconian Transmuter began the quest for the
                  | Orb.
     0 | D:1      | Reached XP level 1. HP: 16/16 MP: 3/3
   180 | D:1      | Reached XP level 2. HP: 21/23 MP: 5/5
   861 | D:2      | Reached XP level 3. HP: 4/28 MP: 6/6
  1516 | D:2      | HP: 1/28 [orc priest/divine providence (16)]
  1517 | D:2      | Slain by an orc priest

Illustrated notes

Levels and vault maps discovered:
D:1:      dpeg_arrival_arbitrary_c, layout_basic, serial_curves, eino_curves_03,
          eino_curves_02, eino_curves_03, eino_curves_02
D:2:      minmay_general_purpose_star, layout_rooms

Skill      XL: |  1  2  3 |
---------------+----------+-----
Dodging        | 2 |  2.0
Fighting       | |  1.4
Slings         | |  0.1
Unarmed Combat | |  3.6
Spellcasting   | |  2.5
Transmutations | |  2.5

Action                   || total
-------------------------++-------
Melee: Unarmed           ||   111
       Tailslap          ||     7
       Kick              ||    10
       Headbutt          ||     7
       Punch             ||     2
 Fire: Hunting sling     ||    13
Throw: Stone             ||    13
 Cast: Beastly Appendage ||    21
 Stab: Sleeping          ||     1
Armor: Skin              ||    44
Dodge: Dodged            ||    90
